Map: Defender's Landing LE

Players

Lumiya

  • Race: Terran Terran
  • League: Diamond
  • Spawn Location: 1:00

Synprime - Winner!

  • Race: Protoss Protoss
  • League: Diamond
  • Spawn Location: 7:00

VOD

Have the link to the VOD?

Description

Time

  • Played on: June 20, 2017, 8:54 p.m.
  • Length: 5:34
Show
View Real Time Build Order
Export as new Build Order

Lumiya Terran 

Build Orders:  

Get SALT Encoding   

  12  0:01  SCV  
  13  0:13  SCV  
  14  0:18  Supply Depot  
  14  0:25  SCV  
  15  0:39  SCV  
  15  0:41  Barracks  
  16  0:45  Refinery  
  16  0:51  SCV  
  17  1:03  SCV  
  18  1:15  SCV  
  19  1:31  Orbital Command  
  20  1:32  Reaper  
  20  1:46  Command Center  
  19  1:57  SCV  
  20  2:04  Barracks  
  20  2:06  Barracks Reactor  
  20  2:10  SCV  
  21  2:17  Supply Depot  
  21  2:22  SCV  
  22  2:32  Barracks  
  22  2:38  SCV  
  22  2:41  Engineering Bay  
  22  2:45  Marine x2  
  24  2:53  Bunker  
  24  2:56  Barracks Tech Lab  
  25  2:58  SCV  
  25  3:04  Marine x2  
  27  3:12  Missile Turret  
  27  3:22  Marine  
  28  3:29  Orbital Command  
  28  3:38  Marine x2  
  30  3:42  Barracks Tech Lab  
  30  3:53  Missile Turret  
  30  3:54  Marine  
  31  3:56  Marine  
  31  3:58  SCV x2  
  31  4:01  Marine  
  35  4:03  Marine  
  36  4:13  SCV x2  
  36  4:15  Marine x2  
  38  4:32  Missile Turret  
  31  4:40  Marine  
  31  4:41  Marine x3  
  33  4:58  Marine x3  
  35  5:06  Missile Turret  
  33  5:09  Bunker  
  33  5:10  Missile Turret  
  26  5:16  Bunker  
Show
View Real Time Build Order
Export as new Build Order

Synprime Protoss - Winner!

Build Orders:  

Get SALT Encoding   

  12  0:01  Probe (Chrono Boost)  
  13  0:11  Probe (Chrono Boost)  
  14  0:19  Pylon  
  14  0:22  Probe (Chrono Boost)  
  15  0:37  Gateway  
  15  0:38  Probe (Chrono Boost)  
  16  0:43  Assimilator  
  16  0:50  Probe (Chrono Boost)  
  16  0:53  Assimilator  
  17  1:01  Probe (Chrono Boost)  
  19  1:11  Probe (Chrono Boost)  
  19  1:22  Probe (Chrono Boost)  
  20  1:26  Cybernetics Core  
  20  1:33  Probe (Chrono Boost), Pylon  
  21  1:40  Pylon  
  22  1:47  Probe (Chrono Boost)  
  22  1:58  Probe (Chrono Boost)  
  23  2:04  Stargate  
  23  2:07  Warp Gate (Chrono Boost)  
  23  2:11  Adept (Chrono Boost)  
  25  2:17  Gateway  
  23  2:44  Probe  
  23  2:46  Adept (Chrono Boost)  
  23  2:48  Void Ray (Chrono Boost)  
  30  2:56  Probe  
  31  3:03  Pylon  
  31  3:07  Gateway  
  31  3:27  Probe  
  31  3:30  Void Ray (Chrono Boost)  
  36  4:07  Stalker x3  
  42  4:12  Pylon  
  42  4:15  Pylon  
  40  4:41  Adept  
  40  4:42  Adept x2  
  46  4:51  Mothership Core  
  48  5:10  Adept x2  
  48  5:11  Adept  
  52  5:34  Adept x3  
Tags
 
Add a new tag
Caveats
  • Supply blocks, unpowered buildings, or Contaminate may cause inaccurate times.
  • Supply counts are checked every 10 seconds.